 Dungeon Crawl Stone Soup version 0.20-a0-1073-g49e0d3e (webtiles) character file.

23002 Rrauwl the Severer (level 13, -3/105 HPs)
             Began as a Ghoul Abyssal Knight on Apr 28, 2017.
             Was a High Priest of Lugonu.
             Killed by dispel undead
             ... invoked by Josephine
              (35 damage)
             ... on level 5 of the Lair of Beasts.
             The game lasted 00:59:04 (11545 turns).

Rrauwl the Severer (Ghoul Abyssal Knight)          Turns: 11545, Time: 00:59:05

Health: -3/105     AC: 18    Str: 19    XL:     13   Next: 3%
Magic:  25/25      EV: 19    Int:  9    God:    Lugonu [*****.]
Gold:   853        SH:  0    Dex: 13    Spells: 10/12 levels left

rFire    + . .     SeeInvis .   a - +1 hand axe (freeze)
rCold    + . .     Gourm    .   (no shield)
rNeg     + + +     Faith    .   y - +7 ring mail of Agnosticism {-Cast Int+2 Dex+3}
rPois    ∞         Spirit   .   E - +0 hat of Light {Regen+ rCorr MP+9 Stlth+}
rElec    .         Reflect  .   n - +1 cloak
rCorr    +         Harm     .   b - +1 pair of gloves
MR       .....     NoCast   +   k - +0 pair of boots
Stlth    ++........             (no amulet)
Regen    0.0/turn               B - ring of protection from fire
MPRegen  0.2/turn               G - +6 ring of evasion

@: rotting, slowed, very slow
A: rotting body, claws 1, carnivore 3, cold resistance 1, negative energy
resistance 3, inhibited regeneration, torment resistance, unbreathing
a: Depart the Abyss, Bend Space, Banish, Corrupt, Enter the Abyss, Renounce
Religion


You were on level 5 of the Lair of Beasts.
You worshipped Lugonu.
Lugonu was extremely pleased with you.
You were not hungry.

You visited 3 branches of the dungeon, and saw 16 of its levels.
You visited the Abyss 1 time.

You collected 853 gold pieces.

Inventory:

Hand Weapons
 a - a +1 hand axe of freezing (weapon)
 g - a +1 war axe
 j - a +1 vampiric whip
Armour
 b - a +1 pair of gloves (worn)
 k - a +0 pair of boots (worn)
 n - a +1 cloak (worn)
 w - a scarf of cold resistance
 y - the +7 ring mail of Agnosticism (worn) {-Cast Int+2 Dex+3}
   (You found it on level 4 of the Dungeon)

   It affects your intelligence (+2).
   It affects your dexterity (+3).
   It prevents spellcasting.
 E - the +0 hat of Light (worn) {Regen+ rCorr MP+9 Stlth+}
   (You found it on level 8 of the Dungeon)

   It affects your magic capacity (+9).
   It increases your rate of regeneration.
   It protects you from acid and corrosion.
   It makes you more stealthy.
Jewellery
 e - an uncursed ring of protection from magic
 q - an uncursed ring of protection from cold
 s - an uncursed ring of protection from cold
 B - a ring of protection from fire (left hand)
 F - an uncursed ring of see invisible
 G - a +6 ring of evasion (right hand)
Wands
 o - a wand of polymorph (16/24)
 t - a wand of disintegration (0/24)
 A - a wand of lightning (0/15)
 D - a wand of paralysis (16/24)
Scrolls
 d - a scroll of enchant weapon
 m - 11 scrolls of identify
 p - 3 scrolls of enchant armour
 r - 11 scrolls of remove curse
 x - a scroll of teleportation
 C - a scroll of magic mapping
Potions
 f - 2 potions of curing
 h - a potion of invisibility
 v - a potion of brilliance
 z - a potion of agility
 H - a potion of magic
Books
 l - a book of Spatial Translocations

   Spells                             Type                      Level
   a - Blink                          Translocation                2
   b - Shroud of Golubria             Charms/Translocation         2
   c - Lesser Beckoning               Translocation                3
   d - Gell's Gravitas                Translocation                3
   e - Teleport Other                 Translocation                3
   f - Passage of Golubria            Translocation                4
Comestibles
 c - 7 meat rations
 i - a royal jelly
 u - a chunk of flesh


   Skills:
 - Level 7.0 Fighting
 + Level 15.6 Axes
 - Level 5.0 Armour
 + Level 4.6 Dodging
 - Level 6.0 Invocations
 - Level 5.0 Evocations


You had 10 spell levels left.
You knew the following spells:

 Your Spells              Type           Power        Failure   Level  Hunger
a - Blink                 Tloc           N/A          71%         2    ###....


Dungeon Overview and Level Annotations

Branches:
Dungeon (9/15)             Temple (1/1) D:6            Lair (6/6) D:9
  Swamp (0/4) Lair:3       Spider (0/4) Lair:4        Slime (0/5) Lair:5
    Orc: D:9-12

Altars:
Ashenzari
Cheibriados
Dithmenos
Elyvilon
Fedhas
Gozag
Hepliaklqana
Kikubaaqudgha
Makhleb
Nemelex Xobeh
Okawaru
Qazlal
Ru
Sif Muna
Trog
Uskayaw
Vehumet
Wu Jian
Xom
Yredelemnul
Zin
The Shining One

Annotations:
Lair:5 Josephine
Lair:6 sour's ghost, journeyman FoFi


Innate Abilities, Weirdness & Mutations

Your body is rotting away.
You thrive on raw meat.
You are immune to poison.
You have sharp fingernails.
You are carnivorous and can eat meat at any time.
Your flesh is cold resistant. (rC+)
You are immune to negative energy. (rN+++)
You do not regenerate when monsters are visible.
You are immune to unholy pain and torment.
You can survive without breathing.


Message History

Press: ? - help, Shift-Dir - straight line, f/p - Josephine
Aim: Josephine, wielding an enchanted dagger and wearing a robe (moderately wounded, chance to defeat MR: 51%) Josephine is blasted.
This wand has 1 charge left.
Josephine hits you with an enchanted dagger.
The wraith misses you.
The blink frog blinks!
Josephine hits you but does no damage. The wraith hits you.
The wraith drains your vigour!
You feel as though you will be slow longer.
Evoke which item? (* to show all) (? for menu, Esc to quit)
Aiming: Disintegrate
Press: ? - help, Shift-Dir - straight line, f/p - Josephine
Aim: Josephine, wielding an enchanted dagger and wearing a robe (severely wounded, chance to defeat MR: 51%) Josephine is blasted.
This wand has 0 charges left.
Josephine hits you but does no damage. The wraith closely misses you.
You hit Josephine. You freeze Josephine.
Josephine is almost dead.
You hit the wraith but do no damage. The wraith completely misses you.
Josephine gestures at you while chanting.
You convulse!
You die...

##### ##...### ### #
#..>...####@# .#
###..#.##WW@# .##
##......W## ...@
##....#....### ....P
#........).W.####......
#.P..........##......W.
##.............##......
#...........§........#
#.......[.......#..###


You could see Josephine and 3 wraiths.

Vanquished Creatures
  The ghost of sour the Fighter, a journeyman FoFi of Fedhas (Lair:1)
  4 hydras
  Erica (D:8)
  Pikel (D:4)
  An oklob plant (Lair:1)
  2 black mambas
  5 elephants (Lair:4)
  6 spiny frogs
  4 komodo dragons
  3 jumping spiders (Lair:4)
  A tyrant leech (Lair:3)
  7 blink frogs
  4 hippogriffs
  A wraith (Lair:5)
  2 redbacks (Lair:4)
  A spriggan (D:8)
  11 yaks
  Grum (D:7)
  2 wyverns
  A basilisk (Lair:3)
  A steam dragon (D:8)
  A swamp worm (Lair:3)
  9 water moccasins
  An acid dragon (D:8)
  Duvessa (D:6)
  3 sky beasts
  An ice beast (D:7)
  9 porcupines
  3 orc warriors
  6 black bears
  2 necrophages
  3 phantoms
  A centaur (D:9)
  3 wolves (D:7)
  2 ogres (D:9)
  5 crocodiles
  3 big kobolds
  The ghost of EvilAshe the Magician, an amateur DEEE (D:3)
  11 bullfrogs
  Dowan (D:6)
  6 scorpions
  6 killer bees (D:8)
  An electric eel (Lair:5)
  A howler monkey (D:8)
  5 wights (D:9)
  4 crimson imps
  A bullfrog zombie (D:5)
  A jelly (D:5)
  3 hounds
  2 orc priests
  2 orc wizards
  Terence (D:2)
  2 iguanas
  Ijyb (D:3)
  5 worker ants
  A hound skeleton (D:9)
  A worker ant zombie (D:5)
  7 gnolls
  8 adders
  An ooze (D:1)
  An adder zombie (D:8)
  2 worms
  6 leopard geckos
  20 orcs
  3 bats
  4 giant cockroaches
  3 goblins
  9 hobgoblins
  2 jackals (D:6)
  25 kobolds
  2 quokkas
  A ball python (D:1)
  A ball python skeleton (D:4)
  5 frilled lizards
  A jackal skeleton (D:6)
  4 rats
  9 fungi
  4 plants
287 creatures vanquished.

Vanquished Creatures (others)
  An iguana (D:4)
  6 fungi
  11 plants
18 creatures vanquished.

Grand Total: 305 creatures vanquished

Notes
Turn   | Place    | Note
-------+----------+-------------------------------------------
     0 | Abyss:1  | Rrauwl the Ghoul Abyssal Knight began the quest for the Orb.
     0 | Abyss:1  | Reached XP level 1. HP: 19/19 MP: 1/1
   253 | Abyss:1  | Noticed a spatial vortex
   254 | D:1      | Escaped the Abyss
   280 | D:1      | Reached skill level 1 in Dodging
   362 | D:1      | Reached XP level 2. HP: 26/26 MP: 2/2
   773 | D:1      | Reached skill level 2 in Axes
  1104 | D:2      | Reached * piety under Lugonu
  1233 | D:2      | Reached XP level 3. HP: 26/31 MP: 3/3
  1239 | D:2      | Noticed Terence
  1255 | D:2      | Killed Terence
  1372 | D:2      | Reached XP level 4. HP: 14/40 MP: 4/4
  1800 | D:3      | Found a hazy altar of Hepliaklqana.
  1847 | D:3      | Noticed Ijyb
  1865 | D:3      | Killed Ijyb
  1865 | D:3      | Reached skill level 3 in Axes
  1944 | D:3      | Noticed EvilAshe's ghost (amateur DEEE)
  1955 | D:3      | Killed EvilAshe's ghost
  1955 | D:3      | Reached ** piety under Lugonu
  1955 | D:3      | Reached skill level 4 in Axes
  1955 | D:3      | Reached XP level 5. HP: 42/46 MP: 5/5
  2145 | D:3      | Reached XP level 6. HP: 52/52 MP: 6/6
  2441 | D:4      | Got an ancient ring mail
  2525 | D:4      | Identified the +7 ring mail of Agnosticism {-Cast Int+2 Dex+3} (You found it on level 4 of the Dungeon)
  2680 | D:4      | Noticed a slave
  2687 | D:4      | Noticed a slave
  2690 | D:4      | Noticed Pikel
  2699 | D:4      | Noticed a slave
  2700 | D:4      | Reached skill level 5 in Axes
  2917 | D:4      | Killed Pikel
  2917 | D:4      | Reached skill level 7 in Axes
  2917 | D:4      | Reached XP level 7. HP: 24/59 MP: 7/7
  2987 | D:4      | Reached XP level 8. HP: 60/66 MP: 8/8
  3146 | D:5      | Entered Level 5 of the Dungeon
  3332 | D:5      | Reached skill level 8 in Axes
  3851 | D:6      | Reached skill level 9 in Axes
  4117 | D:6      | Found a shattered altar of Ashenzari.
  4246 | D:6      | Found a staircase to the Ecumenical Temple.
  4255 | Temple   | Entered the Ecumenical Temple
  4530 | D:6      | Reached XP level 9. HP: 59/70 MP: 9/9
  4559 | D:6      | Noticed Dowan
  4568 | D:6      | Noticed Duvessa
  4585 | D:6      | Killed Duvessa
  4585 | D:6      | Reached *** piety under Lugonu
  4585 | D:6      | Reached skill level 10 in Axes
  4595 | D:6      | Killed Dowan
  4668 | D:6      | Found a stormy altar of Qazlal.
  5442 | D:8      | Noticed Grum
  5479 | D:7      | Reached skill level 11 in Axes
  5538 | D:7      | Killed Grum
  5577 | D:8      | Found a bloodstained altar of Trog.
  5675 | D:8      | Reached skill level 12 in Axes
  5681 | D:8      | Reached XP level 10. HP: 39/78 MP: 10/10
  5711 | D:8      | Noticed Erica
  5734 | D:8      | Killed Erica
  5747 | D:8      | Found a sparkling altar of Nemelex Xobeh.
  5977 | D:8      | Reached skill level 1 in Evocations
  6154 | D:8      | Reached **** piety under Lugonu
  6212 | D:8      | Got a brightly glowing hat
  6223 | D:8      | Identified the +0 hat of Light {Regen+ rCorr MP+9 Stlth+} (You found it on level 8 of the Dungeon)
  6396 | D:9      | Reached skill level 13 in Axes
  6801 | D:9      | Found an ornate altar of the Wu Jian Council.
  6816 | D:9      | Found an ancient bone altar of Kikubaaqudgha.
  6834 | D:9      | Found a blossoming altar of Fedhas.
  6861 | D:9      | Found a white marble altar of Elyvilon.
  7117 | D:9      | Identified Qinocwur's Compendium of Freezing Enchantment
  7136 | D:9      | Found a burning altar of Makhleb.
  7155 | D:9      | Reached XP level 11. HP: 84/84 MP: 13/13
  7200 | D:9      | Found a staircase to the Lair.
  7430 | Lair:1   | Entered Level 1 of the Lair of Beasts
  7471 | Lair:1   | Upgraded the game from 0.20-a0-1063-gb8e8b7e to 0.20-a0-1073-g49e0d3e
  7501 | Lair:1   | Reached skill level 5 in Evocations
  7598 | Lair:1   | Noticed an oklob plant
  7599 | Lair:1   | Killed an oklob plant
  7849 | Lair:1   | Reached skill level 14 in Axes
  7905 | Lair:1   | Reached ***** piety under Lugonu
  7944 | Lair:1   | Noticed sour's ghost (journeyman FoFi)
  7956 | Lair:1   | Killed sour's ghost
  7956 | Lair:1   | Reached skill level 5 in Invocations
  8047 | Lair:1   | Noticed an eight-headed hydra
  8056 | Lair:1   | Killed an eight-headed hydra
  8212 | Lair:1   | Reached skill level 5 in Fighting
  8527 | Lair:2   | Reached XP level 12. HP: 78/95 MP: 15/15
  8532 | Lair:2   | Noticed a four-headed hydra
  8537 | Lair:2   | Killed a four-headed hydra
  8627 | Lair:2   | Noticed a six-headed hydra
  8649 | Lair:2   | Killed a seven-headed hydra
  8711 | Lair:2   | Learned a level 2 spell: Blink
  9493 | Lair:3   | Reached skill level 15 in Axes
  9739 | Lair:3   | Found a staircase to the Swamp.
 10235 | Lair:4   | Found a hole to the Spider Nest.
 10568 | Lair:4   | You fall through a shaft!
 10826 | Lair:4   | Reached skill level 5 in Armour
 11235 | Lair:4   | You fall through a shaft for 2 floors!
 11235 | Lair:6   | Entered Level 6 of the Lair of Beasts
 11248 | Lair:6   | Noticed sour's ghost (journeyman FoFi)
 11253 | Lair:6   | Noticed a death yak
 11253 | Lair:6   | Noticed a death yak
 11253 | Lair:6   | Noticed a death yak
 11254 | Lair:6   | Noticed a death yak
 11258 | Lair:6   | Noticed a death yak
 11263 | Lair:6   | Noticed a death yak
 11292 | Lair:6   | Noticed a dire elephant
 11293 | Lair:6   | Noticed a catoblepas
 11293 | Lair:6   | Noticed a six-headed hydra
 11484 | Lair:5   | Found a staircase to the Slime Pits.
 11507 | Lair:5   | Noticed an eight-headed hydra
 11508 | Lair:5   | Noticed Josephine
 11515 | Lair:5   | Killed an eight-headed hydra
 11515 | Lair:5   | Reached XP level 13. HP: 89/105 MP: 16/16
 11545 | Lair:5   | Killed from afar by Josephine

Vault maps used:
D:1:      dpeg_arrival_water_altar, minmay_splitting_lines
D:2:      uniq_terence
D:3:      lemuel_crystal_altar, first_bread, feat_on_display, uniq_ijyb
D:4:      uniq_pikel
D:5:      hangedman_decor_diamond_cutter, corner_web_ring
D:6:      overflow_temple_1_default, ashenzari_altar_1,
          lemuel_temple_firewalk_b, uniq_duvessa
D:8:      lemuel_round_altar, trog_ov_bears_minmay, the_bakery, uniq_erica,
          uniq_grum
D:9:      fedhas_altar_2, grunt_temple_overflow_open,
          grunt_lair_entry_orc_guard_hut
Temple:   minmay_temple_bridge_abc
Lair:1:   grunt_megastairs_2, minmay_lair_oklob_chamber
Lair:2:   cheibrodos_lair_river_kwai, infiniplex_staircase_pool,
          grunt_megastairs_5, serial_bayou_shore_a, lemuel_fruit_fields
Lair:3:   minmay_swamp_entry_worms, grunt_megastairs_1
Lair:4:   nicolae_spider_entry_tight_spaces, infiniplex_staircase_pool_2
Lair:5:   dpeg_slime_entry_corner, serial_bayou, serial_bayou_crossing,
          serial_bayou_shore_b, serial_bayou_lagoon_b, serial_bayou_lagoon_a,
          serial_bayou_pond_b, uniq_josephine
Lair:6:   evil_forest, minivault_23, minivault_23, lemuel_fruit_tree

Skill      XL: |  1  2  3  4  5  6  7  8  9 10 11 12 |
---------------+-------------------------------------+-----
Dodging        | 1 2 4 |  4.6
Armour         | 2 5 |  5.0
Axes           | 2 4 7 9 12 13 14 15 | 15.6
Fighting       | 4 5 7 |  7.0
Evocations     | 4 5 |  5.0
Invocations    | 6 |  6.0

Action                   |  1- 3 |  4- 6 |  7- 9 | 10-12 | 13-15 || total
-------------------------+-------+-------+-------+-------+-------++-------
Melee: Hand axe          |    73 |       |   414 |  1167 |    17 ||  1671
       Flail             |    17 |    51 |       |       |       ||    68
       Whip              |       |   220 |    79 |     9 |       ||   308
Invok: Depart the Abyss  |     1 |       |       |       |       ||     1
       Bend Space        |       |     1 |       |       |       ||     1
Evoke: Wand              |       |       |     5 |    20 |     8 ||    33
  Use: Scroll            |     4 |     3 |     4 |    18 |       ||    29
       Potion            |     1 |       |     9 |     2 |       ||    12
 Stab: Paralysed         |       |       |     2 |       |       ||     2
       Sleeping          |       |       |       |     5 |       ||     5
  Eat: Chunk             |     5 |    16 |    44 |    99 |       ||   164
Armor: Leather armour    |    24 |    11 |       |       |       ||    35
       Chain mail        |       |    40 |       |       |       ||    40
       Ring mail         |       |    71 |   180 |   253 |    11 ||   515
       Skin              |       |     5 |       |       |       ||     5
Dodge: Dodged            |    66 |   150 |   287 |   623 |    20 ||  1146
